 Dungeon Crawl Stone Soup version 0.18.1-48-g4cf74bf (webtiles) character file.

206 Gargoyl the Skirmisher (level 5, -1/42 HPs)
             Began as a Demonspawn Abyssal Knight on Aug 16, 2016.
             Was a Believer of Lugonu.
             Slain by an orc (4 damage)
             ... on level 4 of the Dungeon.
             The game lasted 00:06:16 (2695 turns).

Gargoyl the Skirmisher (Demonspawn Abyssal Knight)  Turns: 2695, Time: 00:06:16

Health: -1/42      AC: 13    Str: 14 (17) XL:     5   Next: 53%
Magic:  7/7        EV:  4    Int: 14 (15) God:    Lugonu [**....]
Gold:   114        SH:  0    Dex: 12      Spells: 0 memorised, 4 levels left

rFire  . . .     SeeInvis .     h - +0 war axe
rCold  . . .     Gourm    .     v - +0 plate armour
rNeg   . . .     Faith    .     (no shield)
rPois  .         Spirit   .     (no helmet)
rElec  .         Dismiss  .     (no cloak)
rCorr  .         Reflect  .     b - +0 pair of gloves
SustAt .         Harm     .     (boots unavailable)
MR     .....     Rnd*Rage +     (no amulet)
Stlth  ..........               (no ring)
                                d - +3 ring of strength

@: very slightly contaminated, hasted, very quick, not resistant to hostile
enchantments, extremely unstealthy
A: hooves 3, molten scales 1, berserk 1, clever 1, rot immunity
a: Depart the Abyss, Bend Space, Renounce Religion


You were on level 4 of the Dungeon.
You worshipped Lugonu.
Lugonu was pleased with you.
You were very hungry.

You visited 1 branch of the dungeon, and saw 4 of its levels.
You visited the Abyss 1 time.

You collected 114 gold pieces.

Inventory:

Hand Weapons
 a - a +1 hand axe
 h - a +0 war axe (weapon)
 i - a +0 spear
Armour
 b - a +0 pair of gloves (worn)
 j - a +0 pair of boots
 v - a +0 plate armour (worn)
Jewellery
 d - a +3 ring of strength (left hand)
Scrolls
 e - a scroll of amnesia
 g - 6 scrolls of identify
 q - 2 scrolls of enchant weapon {unknown}
 r - 3 scrolls of remove curse {unknown}
 s - a scroll of random uselessness {unknown}
Comestibles
 c - 2 bread rations
 f - a beef jerky
 m - 2 meat rations
 p - a slice of pizza


   Skills:
 + Level 4.0 Fighting
 + Level 2.6 Axes
 * Level 3.6 Armour
 + Level 1.7 Dodging
 + Level 2.7 Invocations


You had 4 spell levels left.
You didn't know any spells.

Dungeon Overview and Level Annotations

Branches:
Dungeon (4/15)
 Temple: D:4-7

Altars:
Pakellas

Annotations:
D:3 Gargoyl's ghost, amateur DsAK
D:4 Dowan; Gargoyl's ghost, amateur DsAK


Innate Abilities, Weirdness & Mutations

You have hooves in place of feet.
You are partially covered in molten scales (AC +1).
You are immune to rotting.
You tend to lose your temper in combat.
Your mind is acute. (Int +2)


Message History

The orc hits you but does no damage. The orc hits you.
* * * LOW HITPOINT WARNING * * *
The orc priest barely misses you.
Your magical contamination has completely faded away.
Unknown command.
Unknown command.
Drink which item? (? for menu, Esc to quit)
You feel yourself speed up. The orc hits you but does no damage. x2
The orc priest barely misses you.
You are very lightly contaminated with residual magic.
You closely miss the orc priest. You kick the orc priest.
The orc priest is severely wounded.
You hit the orc.
The orc is heavily wounded.
You hit the orc but do no damage.
The orc is moderately wounded.
The orc hits you with an enchanted short sword.
* * * LOW HITPOINT WARNING * * *
The orc hits you.
You die...

#W# #.#
#.#
#.......#
#..######
#
######...#
#ooo...#
#@####...#
#o# # #.#
#.# #..
#.. ...
....


You could see an orc priest and 3 orcs.

Vanquished Creatures
  Duvessa (D:4)
  An orc wizard (D:4)
  An adder (D:2)
  An ooze (D:1)
  A worm (D:3)
  2 dart slugs (D:1)
  3 giant geckos
  8 orcs
  2 giant cockroaches
  6 goblins
  2 hobgoblins
  A quokka (D:3)
  A ball python (D:1)
  4 bats
  2 giant newts (D:1)
  4 kobolds (D:1)
  4 rats (D:1)
44 creatures vanquished.

Vanquished Creatures (others)
  An iguana (D:3)
1 creature vanquished.

Grand Total: 45 creatures vanquished

Notes
Turn   | Place    | Note
--------------------------------------------------------------
     0 | Abyss:1  | Gargoyl the Demonspawn Abyssal Knight began the quest for the Orb.
     0 | Abyss:1  | Reached XP level 1. HP: 18/18 MP: 2/2
     4 | Abyss:1  | Found a corrupted altar of Lugonu.
    93 | Abyss:1  | Noticed a starcursed mass
    96 | D:1      | Escaped the Abyss
   458 | D:1      | Reached * piety under Lugonu
   458 | D:1      | Gained mutation: You are partially covered in molten scales (AC +1). [demonic ancestry]
   458 | D:1      | Reached XP level 2. HP: 16/24 MP: 3/3
   460 | D:1      | Reached skill level 1 in Dodging
  1305 | D:1      | Gained mutation: You are immune to rotting. [demonic ancestry]
  1305 | D:1      | Reached XP level 3. HP: 27/29 MP: 5/5
  2217 | D:3      | Found an oddly glowing altar of Pakellas.
  2217 | D:3      | Noticed an orange crystal statue
  2271 | D:3      | Noticed Gargoyl's ghost (amateur DsAK)
  2565 | D:3      | Reached ** piety under Lugonu
  2565 | D:3      | Gained mutation: You have large cloven feet. [demonic ancestry]
  2565 | D:3      | Reached XP level 4. HP: 36/37 MP: 6/6
  2613 | D:4      | Noticed Dowan
  2617 | D:4      | Noticed Duvessa
  2627 | D:4      | Gained mutation: You have hoof-like feet. [potion of mutation]
  2627 | D:4      | Gained mutation: You tend to lose your temper in combat. [potion of mutation]
  2627 | D:4      | Gained mutation: Your mind is acute. (Int +2) [potion of mutation]
  2652 | D:4      | Noticed Gargoyl's ghost (amateur DsAK)
  2667 | D:4      | Killed Duvessa
  2667 | D:4      | Reached skill level 4 in Fighting
  2667 | D:4      | Gained mutation: You have hooves in place of feet. [demonic ancestry]
  2667 | D:4      | Reached XP level 5. HP: 23/42 MP: 7/7
  2695 | D:4      | Slain by an orc

Skill      XL: |  1  2  3  4 |
---------------+-------------+-----
Dodging        | 1 |  1.7
Armour         | 2 3 |  3.6
Axes           | 2 |  2.6
Fighting       | 4 |  4.0
Invocations    | |  2.7

Action                   |  1- 3 |  4- 6 || total
-------------------------+-------+-------++-------
Melee: Hand axe          |   128 |    26 ||   154
       War axe           |       |    22 ||    22
       Kick              |       |     5 ||     5
Invok: Depart the Abyss  |     1 |       ||     1
  Use: Potion            |       |     5 ||     5
       Scroll            |       |     2 ||     2
  Eat: Chunk             |     5 |       ||     5
Armor: Leather armour    |    14 |       ||    14
       Scale mail        |    34 |       ||    34
       Plate armour      |    44 |    89 ||   133
Dodge: Dodged            |    85 |    21 ||   106
